 Dungeon Crawl Stone Soup version 0.29-a0-234-g0dae59b3db (webtiles) character file.

Game seed: 269935944243932214

295 shoop the Vexing (level 6, 0/30 HPs)
             Began as a Deep Elf Arcane Marksman on Mar 3, 2022.
             Succumbed to a scorpion's poison
             ... on level 3 of the Dungeon.
             The game lasted 00:06:54 (4090 turns).

shoop the Vexing (Deep Elf Arcane Marksman)         Turns: 4090, Time: 00:06:55

Health: 0/30       AC:  2    Str:  7    XL:     6   Next: 11%
Magic:  1/11       EV: 12    Int: 20    God:
Gold:   221        SH:  0    Dex: 13    Spells: 4/9 levels left

rFire   . . .      SeeInvis .   a - +0 shortbow
rCold   . . .      Faith    .   (shield currently unavailable)
rNeg    . . .      Spirit   .   b - +0 robe
rPois   .          Reflect  .   (no helmet)
rElec   .          Harm     .   (no cloak)
rCorr   .          Rampage  .   (no gloves)
Will    .....      Clarity  +   (no boots)
Stlth   ++........              c - amulet of the acrobat
HPRegen 0.10/turn               (no ring)
MPRegen 0.12/turn               (no ring)

@: lethally poisoned (0 -> -4), flying
A: clarity, clumsy 1, frail 1
a: no special abilities


You were on level 3 of the Dungeon.
You visited 1 branch of the dungeon, and saw 4 of its levels.

You collected 221 gold pieces.

Inventory:

Hand Weapons
 a - a +0 shortbow (weapon)
Missiles
 k - a throwing net
Armour
 b - a +0 robe (worn)
Jewellery
 c - an amulet of the acrobat (around neck)
 i - a ring of ice
Scrolls
 d - 2 scrolls of immolation {unknown}
 g - a scroll of identify {unknown}
Potions
 e - a potion of curing {unknown}
 f - a potion of flight
 h - a potion of brilliance {unknown}
 j - a potion of ambrosia {unknown}
 l - a potion of mutation


   Skills:
 - Level 1.0 Fighting
 - Level 5.0 Bows
 - Level 3.0 Dodging
 - Level 3.0 Stealth
 - Level 2.0 Spellcasting
 + Level 6.8 Hexes


You had 4 spell levels left.
You knew the following spells:

 Your Spells              Type           Power      Damage    Failure   Level
a - Slow                  Hex            100%       N/A       1%          1
f - Cause Fear            Hex            14%        N/A       10%         4

Your spell library contained the following spells:

 Spells                   Type           Power      Damage    Failure   Level
 Inner Flame              Hex/Fire       15%        N/A       12%         3
 Portal Projectile        Hex/Tloc       30%        N/A       12%         3
 Magic Dart               Conj           8%         1d3       16%         1
 Call Imp                 Summ           2%         N/A       24%         2
 Mephitic Cloud           Conj/Pois/Air  2%         N/A       43%         3
 Metabolic Englaciation   Hex/Ice        7%         N/A       71%         5
 Excruciating Wounds      Necr           1%         N/A       99%         5
 Discord                  Hex            14%        N/A       100%        8


Dungeon Overview and Level Annotations

Branches:
Dungeon (4/15)
 Temple: D:4-7

Altars:
Nemelex Xobeh
Wu Jian

Annotations:
D:3 1 runed translucent door, Crazy Yiuf
D:4 exclusion: door


Innate Abilities, Weirdness & Mutations

You possess an exceptional clarity of mind.
You are clumsy. (Dex -2)
You are frail. (-10% HP)


Message History

You shoot an arrow. The arrow hits the scorpion!
The scorpion is severely wounded.
The scorpion misses you.
Casting: Cause Fear (quite dangerous; 10% risk of failure)
Confirm with . or Enter, or press ? or * to list all spells.
The spell is quite dangerous to miscast (10% risk of failure)!
Continue anyway?
Casting: Cause Fear (quite dangerous; 10% risk of failure)
Press: ? - help, Dir - look around, f - activate The scorpion looks frightened!
Cornered, the scorpion turns to fight!
The scorpion is no longer moving slowly.
Casting: Cause Fear (quite dangerous; 10% risk of failure)
Confirm with . or Enter, or press ? or * to list all spells.
Aiming: Slow (safe; 1% risk of failure)
Press: ? - help, Shift-Dir - straight line, f - scorpion
Aim: a scorpion (severely wounded, chance to affect: 64%)
The scorpion seems to slow down.
The scorpion stings you.
You are lethally poisoned!
The scorpion poisons you!
* * * LOW HITPOINT WARNING * * *
You feel very sick.
* * * LOW HITPOINT WARNING * * *
You feel sick.
Okay, then.
* * * LOW HITPOINT WARNING * * *
You feel sick.
* * * LOW HITPOINT WARNING * * *
You feel sick.
There is a stone staircase leading down here.
It was a potion of flight.
You feel very buoyant.
You fly up into the air.
* * * LOW HITPOINT WARNING * * *
You feel sick.
Unknown command.
* * * LOW HITPOINT WARNING * * *
You feel sick.
It was a potion of mutation.
You feel extremely strange.
You feel frail.
You feel clumsy.
Your thoughts seem clearer.
You die...

##≈≈≈≈≈≈# #.#
######..####
##≈≈≈≈≈≈≈# #.# #..#
# #≈#≈≈≈≈≈≈..#
####.# #..# #
##≈≈≈≈≈≈≈.≈####....#
#..# #
.#######........#..#
#..# #
.........######<...#
#..# # .........#
##...# #..# #
###...####
#.##########..# #
#...#
#@...)[.......## #
#...#
#s########.....###
##.## #.# #...>...(
#.# #.# #.....###
#.# #.# ##...## #
#.# #.# ##### #
#.### #.# # #...#
#.# # ###.# #.# #


You could see a scorpion (slow).

Vanquished Creatures
  A scorpion (D:4)
  A hound (D:4)
  An iguana (D:4)
  2 orc wizards
  3 gnolls
  An adder (D:2)
  A white imp (D:4)
  A worm (D:2)
  2 dart slugs (D:2)
  10 orcs
  3 endoplasms (D:1)
  4 giant cockroaches
  6 goblins
  8 hobgoblins
  5 jackals
  3 quokkas
  3 ball pythons
  4 bats
  3 frilled lizards
  3 kobolds
  3 rats
68 creatures vanquished.

Notes
Turn   | Place    | Note
-------+----------+-------------------------------------------
     0 | D:1      | shoop the Deep Elf Arcane Marksman began the quest for the
                  | Orb.
     0 | D:1      | Reached XP level 1. HP: 11/11 MP: 5/5
    77 | D:1      | Reached skill level 1 in Stealth
   287 | D:1      | Reached XP level 2. HP: 16/16 MP: 6/6
   703 | D:1      | Found an ornate altar of the Wu Jian Council.
   818 | D:2      | Reached skill level 1 in Fighting
   818 | D:2      | Reached XP level 3. HP: 20/20 MP: 3/7
  1094 | D:2      | Got the Disquisition on Bewitchment and Unholy Arts
  1387 | D:2      | Found a sparkling altar of Nemelex Xobeh.
  1991 | D:3      | Reached XP level 4. HP: 25/25 MP: 9/9
  2012 | D:3      | Learned a level 4 spell: Cause Fear
  2472 | D:3      | Found a runed translucent door.
  2473 | D:3      | Noticed Crazy Yiuf
  3010 | D:2      | Reached skill level 5 in Bows
  3026 | D:2      | Reached XP level 5. HP: 26/29 MP: 6/10
  3213 | D:4      | Reached skill level 5 in Hexes
  3415 | D:4      | Reached skill level 6 in Hexes
  3519 | D:4      | Reached XP level 6. HP: 33/34 MP: 11/11
  4089 | D:3      | HP: 1/34 [poisoned by a scorpion]
  4090 | D:3      | Gained mutation: You are frail. (-10% HP) [potion of
                  | mutation]
  4090 | D:3      | Gained mutation: You are clumsy. (Dex -2) [potion of
                  | mutation]
  4090 | D:3      | Gained mutation: You possess an exceptional clarity of
                  | mind. [potion of mutation]
  4090 | D:3      | Succumbed to a scorpion's poison

Illustrated notes

Levels and vault maps discovered:
D:1:      dpeg_arrival_lava_altar, layout_basic
D:2:      layout_rooms, basic_altar, hex_large
D:3:      layout_loops_ring, chequers_serial_rivers_large_a,
          uniq_crazy_yiuf_cottage
D:4:      minmay_chambers_of_fours, layout_loops_ring

Skill      XL: |  1  2  3  4  5 |
---------------+----------------+-----
Stealth        | 2 3 |  3.0
Fighting       | 1 |  1.0
Bows           | 3 4 5 |  5.0
Spellcasting   | 2 |  2.0
Dodging        | 3 |  3.0
Hexes          | 6 |  6.8

Action                   |  1- 3 |  4- 6 || total
-------------------------+-------+-------++-------
 Fire: Shortbow          |   130 |   134 ||   264
 Cast: Slow              |     5 |    27 ||    32
       Cause Fear        |       |     3 ||     3
  Use: Scroll            |       |     1 ||     1
       Potion            |       |     2 ||     2
Armor: Robe              |     4 |     5 ||     9
Dodge: Dodged            |    25 |    38 ||    63

Table legend: (Time is in decaauts)
 A = Elapsed time spent in this place.
 B = Non-inter-level travel time spent in this place.
 C = Inter-level travel time spent in this place.
 D = Time resting spent in this place.
 E = Time spent auto-exploring this place.
 F = Levels seen in this place.
 G = Mean time per level.
                   A        B        C        D        E       F      G
               +--------+--------+--------+--------+--------+-----+--------+
         Total |   4185 |   4025 |    160 |    355 |   2999 |   4 | 1046.2 |
       Dungeon |   4185 |   4025 |    160 |    355 |   2999 |   4 | 1046.2 |
               +--------+--------+--------+--------+--------+-----+--------+

Top non-repeatable levels by time:
     D:3: 1677 daAuts
     D:2: 902 daAuts
     D:1: 889 daAuts
     D:4: 714 daAuts
